 Dungeon Crawl Stone Soup version 0.31-a0-196-g86fe4a5e66 (webtiles) character file.

Game seed: 3600973030411405440

312 juan097 the Cudgeller (level 6, 0/52 HPs)
             Began as a Minotaur Berserker on June 24, 2023.
             Was a Believer of Trog.
             Slain by an ogre
             ... wielding a +0 giant spiked club
              (23 damage)
             ... on level 4 of the Dungeon.
             The game lasted 00:03:21 (2349 turns).

juan097 the Cudgeller (Minotaur Berserker)          Turns: 2349, Time: 00:03:21

Health: 0/52       AC: 11    Str: 24    XL:     6   Next: 18%
Magic:  5/5        EV: 10    Int:  6    God:    Trog [**....]
Gold:   141        SH:  0    Dex:  9    Spells: 5/5 levels left

rFire   . . .        a - +0 mace
rCold   . . .        (no shield)
rNeg    + . .        k - +3 scale mail of Nemelex Xobeh's Wrath {rN+ Int+2}
rPois   .            (helmet restricted)
rElec   .            (no cloak)
rCorr   .            e - +0 pair of gloves
SInv    .            (no boots)
Will    .....        (no amulet) Stlth
                     (no ring)
HPRegen 0.28/turn    (no ring)
MPRegen 0.09/turn

%: no passive effects
@: no status effects
A: horns 2, retaliatory headbutt
a: Renounce Religion, Berserk, Trog's Hand


You were on level 4 of the Dungeon.
You worshipped Trog.
Trog was pleased with you.
You visited 1 branch of the dungeon, and saw 4 of its levels.

You collected 141 gold pieces.

Inventory:

Hand Weapons
 a - a +0 mace (weapon)
Missiles
 d - 2 atropa-tipped darts
Armour
 e - a +0 pair of gloves (worn)
 k - the +3 scale mail of Nemelex Xobeh's Wrath (worn) {rN+ Int+2}
   (You found it on level 2 of the Dungeon)

   Int:       It affects your intelligence (+2).
   rN:        It protects you from negative energy.
Wands
 j - a wand of digging (2)
Scrolls
 b - a scroll of immolation {unknown}
 f - 4 scrolls of teleportation {unknown}
 g - 6 scrolls of identify {unknown}
 h - 2 scrolls of poison {unknown}
 i - a scroll of torment {unknown}
Potions
 c - a potion of lignification {unknown}
 l - a potion of haste {unknown}
 m - a potion of curing {unknown}


   Skills:
 - Level 4.0 Fighting
 * Level 6.3 Maces & Flails
 - Level 4.0 Armour
 - Level 3.0 Dodging
 + Level 2.4 Stealth


You had 5 spell levels left.
You didn't know any spells.
Your spell library was empty.

Dungeon Overview and Level Annotations

Branches:
Dungeon (4/15)
 Temple: D:4-7

Altars:
Elyvilon
Ru


Innate Abilities, Weirdness & Mutations

You have a pair of horns on your head.
You reflexively headbutt those who attack you in melee.


Message History

No target in view!
No target in view!
No target in view!
No target in view!
Things that are here:
a +0 short sword; 2 stones
m - a grey potion
Found a whip.
Found a sacrificial altar of Ru.
There is a stone staircase leading up here.
You see here 5 large rocks.
Done exploring.
Done exploring.
Done exploring.
There is a stone staircase leading down here.
You climb downwards.
Found a stone staircase leading down.
There is a stone staircase leading up here.
There is a stone staircase leading up here.
There is a stone staircase leading down here.
An ogre comes into view. It is wielding a +0 giant spiked club.
The ogre shouts!
An ogre is nearby!
A jackal comes into view.
The jackal moves out of view.
The jackal barks!
You hear a bark!
You hear a shout!
You sock the ogre! Your headbutt misses the ogre.
The ogre is moderately wounded.
A jackal comes into view.
The ogre hits you with a +0 giant spiked club!!
You barely miss the ogre.
The ogre is moderately wounded.
The jackal barks!
You hit the ogre but do no damage.
The ogre is moderately wounded.
The ogre hits you with a +0 giant spiked club!
You hit the ogre but do no damage.
The ogre is moderately wounded.
The ogre hits you with a +0 giant spiked club!!
You die...

##<...##
###.....#
#>.##...#
#.###..###
#.# #....##
#.###.....#
#.....#####
###...#
###@# #O##
##h# #.#
#h. ....
....#
.....#
.##..#


You could see an ogre and 2 jackals.

Vanquished Creatures
  Sigmund (D:2)
  Natasha (D:2)
  3 gnolls (D:2)
  2 adders
  4 worms
  6 dart slugs
  5 endoplasms
  3 giant cockroaches
  11 goblins
  6 hobgoblins
  3 quokkas
  4 ball pythons
  A bat (D:1)
  6 frilled lizards
  A kobold (D:3)
  5 rats
62 creatures vanquished.

Notes
Turn   | Place    | Note
-------+----------+-------------------------------------------
     0 | D:1      | juan097 the Minotaur Berserker began the quest for the Orb.
     0 | D:1      | Reached XP level 1. HP: 19/19 MP: 0/0
    51 | D:1      | Reached XP level 2. HP: 27/27 MP: 1/1
   146 | D:1      | Reached skill level 4 in Maces & Flails
   603 | D:2      | Reached XP level 3. HP: 32/33 MP: 2/2
   770 | D:2      | Reached ** piety under Trog
   799 | D:2      | Reached skill level 1 in Stealth
   920 | D:2      | Reached XP level 4. HP: 38/40 MP: 3/3
  1269 | D:2      | Noticed Sigmund
  1276 | D:2      | Killed Sigmund
  1277 | D:2      | Reached skill level 6 in Maces & Flails
  1277 | D:2      | Reached XP level 5. HP: 46/46 MP: 4/4
  1315 | D:2      | Identified the +3 scale mail of Nemelex Xobeh's Wrath {rN+
                  | Int+2}
  1332 | D:2      | Noticed Natasha
  1341 | D:2      | Killed Natasha
  1342 | D:2      | Reached XP level 6. HP: 40/52 MP: 5/5
  1736 | D:3      | Found a white marble altar of Elyvilon.
  2182 | D:3      | Found a sacrificial altar of Ru.
  2349 | D:4      | Slain by an ogre

Illustrated notes

Levels and vault maps discovered:
D:1:      ncdulo_smallfort, layout_basic
D:2:      layout_basic, minivault_24, minmay_quadrilaterals, uniq_sigmund,
          uniq_natasha
D:3:      layout_loops_ring, nicolae_ru_path_of_blood, lemuel_round_altar
D:4:      layout_layer_cave, minmay_temple_entry_statues_pillars

Skill      XL: |  1  2  3  4  5 |
---------------+----------------+-----
Maces & Flails | 4 6 |  6.3
Fighting       | 4 |  4.0
Stealth        | 1 2 |  2.4
Armour         | 3 4 |  4.0
Dodging        | 3 |  3.0

Action                     |  1- 3 |  4- 6 || total
---------------------------+-------+-------++-------
  Melee: Mace              |    54 |    79 ||   133
         Headbutt          |    12 |     9 ||    21
         Punch             |     2 |       ||     2
 Invoke: Berserk           |       |     1 ||     1
         Trog's Hand       |       |     1 ||     1
   Stab: Sleeping          |       |     1 ||     1
 Armour: Leather armour    |     5 |     6 ||    11
         Scale mail        |       |    17 ||    17
  Dodge: Dodged            |    25 |    31 ||    56

Table legend: (Time is in decaauts)
 A = Elapsed time spent in this place.
 B = Non-inter-level travel time spent in this place.
 C = Inter-level travel time spent in this place.
 D = Time resting spent in this place.
 E = Time spent auto-exploring this place.
 F = Levels seen in this place.
 G = Mean time per level.
                   A        B        C        D        E       F      G
               +--------+--------+--------+--------+--------+-----+--------+
         Total |   2378 |   2299 |     79 |      4 |   1826 |   4 |  594.5 |
       Dungeon |   2378 |   2299 |     79 |      4 |   1826 |   4 |  594.5 |
               +--------+--------+--------+--------+--------+-----+--------+

Top non-repeatable levels by time:
     D:2: 1088 daAuts
     D:3: 700 daAuts
     D:1: 549 daAuts
     D:4: 41 daAuts
